AoeStats
← [Massa] Edo

Arena

510442558Analyzed
2v2 RM · 2d ago on Oct 1, 2026· 27m 59s· 4 players
Game mode
Random Map
Map size
Medium (4 player)
Population
200
Speed
Normal
Resources
Standard
Victory
Conquest
Starting age
Dark Age
Ending age
Imperial Age
RankedLock teamsTeams togetherTeam positionsShared explorationLock speedFull tech treeHidden civsTurbo modeCheats
Victory
Defeat
🇲🇽 Britons · Mexico
1342
+17
🇲🇽 Mongols · Mexico
1222
+22
🇧🇷 Mongols · Brazil
1398
-21
🇦🇷 Malians · Argentina
1326
-18
KarlStrange
8:33 Loom
10:20 Feudal Age
14:23 Castle Age
12:50 Double-Bit Axe
12:59 Gold Mining
14:57 Fletching
14:49 Horse Collar
18:20 Ballistics
19:45 Bodkin Arrow
21:34 Loom
23:23 Wheelbarrow
24:22 Padded Archer Armor
27:01 Leather Archer Armor
JhonViper
10:36 Feudal Age
8:51 Loom
13:14 Fletching
16:58 Double-Bit Axe
16:56 Horse Collar
24:23 Castle Age
24:50 Wheelbarrow
Lanzarote
11:37 Feudal Age
10:54 Loom
15:10 Castle Age
13:14 Double-Bit Axe
13:32 Horse Collar
14:06 Gold Mining
19:39 Scale Mail Armor
20:41 Chain Mail Armor
23:45 Bow Saw
25:57 Fletching
26:08 Padded Archer Armor
27:38 Wheelbarrow
27:16 Bodkin Arrow
27:21 Padded Archer Armor
[Massa] Edo
8:01 Feudal Age
8:29 Double-Bit Axe
8:34 Man-at-Arms
10:16 Arson
13:22 Fletching
16:32 Loom
17:24 Wheelbarrow
20:52 Castle Age
18:41 Horse Collar
19:39 Gold Mining
19:46 Stone Mining
20:19 Padded Archer Armor
21:50 Bodkin Arrow
Connection lost

Rejoining the realm…

Still unreachable

The connection could not be restored.

Session expired

The server has moved on; the page needs a fresh start.